 Dungeon Crawl Stone Soup version 0.30-a0-358-g0d69a1922f (webtiles) character file.

Game seed: 9831504577574189273

427 themarg the Trooper (level 6, 0/62 HPs)
             Began as an Armataur Fighter on Nov 8, 2022.
             Slain by Pikel
             ... wielding a +2 whip of freezing
              (4 damage)
             ... on level 3 of the Dungeon.
             The game lasted 00:13:53 (3814 turns).

themarg the Trooper (Armataur Fighter)              Turns: 3814, Time: 00:13:54

Health: 0/62       AC:  6    Str: 23    XL:     6   Next: 65%
Magic:  6/6        EV:  7    Int:  9    God:
Gold:   123        SH:  4    Dex:  9    Spells: 5/5 levels left

rFire   . . .      SeeInvis .    a - +0 flail
rCold   . . .      Faith    .    c - +0 buckler
rNeg    . . .      Spirit   .    b - +0 scale mail
rPois   .          Reflect  .    (helmet restricted)
rElec   .          Harm     .    (no cloak)
rCorr   .          Roll     +    (no gloves)
Will    +....                    (no barding)
Stlth   +.........               (no amulet)
HPRegen 0.30/turn                (no ring)
MPRegen 0.10/turn                (no ring)

@: mighty, about to teleport, hasted, very quick
A: large, rugged brown scales 3, deformed body, armoured tail, roll, long
tongue, awkward tongue, horns 1, strong-willed 1, inability to drink after
injury 1
a: no special abilities


You were on level 3 of the Dungeon.
You visited 1 branch of the dungeon, and saw 4 of its levels.

You collected 123 gold pieces.

Inventory:

Hand Weapons
 a - a +0 flail (weapon)
Missiles
 e - 33 stones (quivered)
 l - a boomerang
 n - 3 atropa-tipped darts
Armour
 b - a +0 scale mail (worn)
 c - a +0 buckler (worn)
 i - a +0 plate armour
 o - a +0 barding
Jewellery
 h - a ring of fire
Wands
 f - a wand of flame (17)
Scrolls
 d - 3 scrolls of vulnerability
 r - a scroll of butterflies {unknown}
Potions
 g - a potion of haste
 k - a potion of mutation
 m - a potion of degeneration {unknown}
 q - 2 potions of attraction


   Skills:
 + Level 6.4 Fighting
 - Level 1.7 Maces & Flails
 - Level 3.6 Armour
 - Level 3.0 Stealth
 - Level 3.2 Shields


You had 5 spell levels left.
You didn't know any spells.
Your spell library contained the following spells:

 Spells                   Type           Power      Damage    Failure   Level
 Necrotise                Necr           0%         1d4       77%         1
 Blink                    Tloc           0%         N/A       88%         2
 Vampiric Draining        Necr           0%         2d6       98%         3
 Manifold Assault         Tloc           0%         N/A       100%        4
 Agony                    Necr           0%         N/A       100%        5
 Storm Form               Tmut/Air       0%         N/A       100%        7


Dungeon Overview and Level Annotations

Branches:
Dungeon (4/15)
 Temple: D:4-7

Altars:
Gozag

Shops:
D:1 (

Annotations:
D:3 Pikel
D:4 1 runed translucent door, Blork the orc


Innate Abilities, Weirdness & Mutations

You are completely covered in rugged brown scales. (AC +3, +7% HP)
Armour fits poorly on your strangely shaped body.
You have a long armoured tail.
You roll when moving toward enemies. (Rampage)
Your long tongue fully drains potion bottles. (2x potion effects)
Your tongue gives you trouble enunciating. (1.5x scroll delay)
You have a pair of small horns on your head.
You are strong-willed. (Will+)
You occasionally lose the ability to drink potions when taking damage.


Message History

You start resting.
You feel sick. x4
You are no longer poisoned.
You start resting.
HP restored.
You climb downwards.
Level annotation: 1 runed translucent door, Blork the orc, Pikel The lemure closely misses you.
Pikel hits you with a +2 whip of freezing!
Pikel freezes you.
There is a stone staircase leading up, spattered with blood here.
The lemure hits you but does no damage.
Pikel cracks his whip.
Pikel hits you with a +2 whip of freezing!
Pikel freezes you.
The kobold hits you with a +0 quarterstaff!
You climb upwards.
There is a stone staircase leading down here.
You slurp down every last drop of the potion of might!
You feel very mighty all of a sudden. The lemure hits you.
Pikel hits you with a +2 whip of freezing.
Pikel freezes you.
You slurp down every last drop of the 2 potions of haste!
You feel yourself speed up. The lemure hits you.
Pikel says, "Time is money, and you're costing me too much!"
Pikel hits you with a +2 whip of freezing.
* * * LOW HITPOINT WARNING * * *
Pikel freezes you.
* * * LOW HITPOINT WARNING * * *
You closely miss Pikel. The lemure hits you.
* * * LOW HITPOINT WARNING * * *
Pikel hits you with a +2 whip of freezing.
* * * LOW HITPOINT WARNING * * *
Pikel freezes you.
* * * LOW HITPOINT WARNING * * *
As you slowly read the scroll of teleportation, it crumbles to dust.
You feel strangely unstable. The lemure hits you.
* * * LOW HITPOINT WARNING * * *
Pikel hits you with a +2 whip of freezing.
You die...

#................
#########<...##......
#.......)....##......
#.#.#........##......
#.##)####..#####.....
#.##.# #..# ##....
#.##.# #..# ##...
#.##K# #..# #....
#.##@# #..# #..#.
#.##5# #..# #....
#.#.K# #..# #..##
#.#.## #..# #..#⌠
#.#.#####..# #..##
#..#.......######....
###.#####............
#.#############..##
#......# #....


You could see Pikel, a lemure and a kobold.

Vanquished Creatures
  A water moccasin (D:3)
  2 lemures
  A necrophage (D:4)
  An iguana (D:3)
  Natasha (thrice) (D:2)
  An orc wizard (D:3)
  7 adders
  A worm (D:2)
  2 dart slugs
  7 orcs (D:3)
  5 bats
  5 endoplasms
  A giant cockroach (D:3)
  5 goblins
  4 hobgoblins
  3 jackals (D:1)
  3 quokkas
  4 ball pythons
  2 frilled lizards
  8 kobolds
  4 rats
70 creatures vanquished.

Notes
Turn   | Place    | Note
-------+----------+-------------------------------------------
     0 | D:1      | themarg the Armataur Fighter began the quest for the Orb.
     0 | D:1      | Reached XP level 1. HP: 19/19 MP: 1/1
   156 | D:1      | Reached skill level 1 in Stealth
   227 | D:1      | Reached skill level 3 in Fighting
   298 | D:1      | Reached XP level 2. HP: 27/27 MP: 2/2
   410 | D:1      | Found Ral Jalu's Weapon Emporium.
  1060 | D:2      | Reached XP level 3. HP: 25/33 MP: 3/3
  1065 | D:2      | Noticed Natasha
  1107 | D:2      | Killed Natasha
  1535 | D:2      | Reached XP level 4. HP: 42/42 MP: 4/4
  1541 | D:2      | Noticed Natasha
  1547 | D:2      | Killed Natasha
  1548 | D:2      | Reached skill level 4 in Fighting
  1971 | D:3      | Reached XP level 5. HP: 50/50 MP: 5/5
  1991 | D:3      | Gained mutation: You occasionally lose the ability to drink
                  | potions when taking damage. [potion of mutation]
  1991 | D:3      | Gained mutation: You have a pair of small horns on your
                  | head. [potion of mutation]
  1991 | D:3      | Gained mutation: You are strong-willed. (Will+) [potion of
                  | mutation]
  2017 | D:3      | Reached skill level 5 in Fighting
  2368 | D:3      | Found an opulent altar of Gozag.
  2716 | D:4      | Noticed a water moccasin
  2780 | D:4      | Noticed a lemure
  2780 | D:4      | Noticed a lemure
  2967 | D:2      | Noticed Natasha
  2973 | D:2      | Killed Natasha
  3162 | D:4      | Noticed a lemure
  3164 | D:4      | Reached XP level 6. HP: 51/60 MP: 6/6
  3294 | D:3      | Killed a water moccasin
  3295 | D:3      | Reached skill level 6 in Fighting
  3419 | D:4      | Noticed Pikel
  3723 | D:4      | Found a runed translucent door.
  3737 | D:4      | Noticed Blork the orc
  3814 | D:3      | Slain by Pikel

Illustrated notes

Levels and vault maps discovered:
D:1:      minmay_arrival_wavy_path, layout_loops_cross, serial_shops,
          nicolae_shop_waterfront
D:2:      layout_basic, uniq_natasha
D:3:      layout_loops_ring, nicolae_overflow_hidden_temple, feat_on_display
D:4:      layout_rooms, hellmonk_ghost_happy_afterlife, uniq_pikel, uniq_ijyb,
          uniq_blork_the_orc

Skill      XL: |  1  2  3  4  5  6 |
---------------+-------------------+-----
Stealth        | 1 2 3 |  3.0
Fighting       | 3 4 5 6 |  6.4
Maces & Flails | |  1.7
Armour         | |  3.6
Shields        | |  3.2

Action                   |  1- 3 |  4- 6 || total
-------------------------+-------+-------++-------
Melee: Flail             |    94 |   150 ||   244
       Tailslap          |     8 |    15 ||    23
       Headbutt          |       |    11 ||    11
  Use: Potion            |     1 |     4 ||     5
       Scroll            |       |     8 ||     8
Armor: Scale mail        |    38 |    52 ||    90
       Skin              |       |    38 ||    38
Dodge: Dodged            |    24 |    47 ||    71
Block: Buckler           |    15 |    27 ||    42

Table legend: (Time is in decaauts)
 A = Elapsed time spent in this place.
 B = Non-inter-level travel time spent in this place.
 C = Inter-level travel time spent in this place.
 D = Time resting spent in this place.
 E = Time spent auto-exploring this place.
 F = Levels seen in this place.
 G = Mean time per level.
                   A        B        C        D        E       F      G
               +--------+--------+--------+--------+--------+-----+--------+
         Total |   3927 |   3668 |    259 |   1009 |   1914 |   4 |  981.8 |
       Dungeon |   3927 |   3668 |    259 |   1009 |   1914 |   4 |  981.8 |
               +--------+--------+--------+--------+--------+-----+--------+

Top non-repeatable levels by time:
     D:3: 1614 daAuts
     D:2: 1113 daAuts
     D:1: 907 daAuts
     D:4: 292 daAuts
